 Dungeon Crawl Stone Soup version 0.30.0-29-ga12c61a403 (webtiles) character file.

Game seed: 11666038494340041995

2174 qw the Cleaver (level 9, -4/55 HPs)
             Began as a Gargoyle Fighter on June 5, 2023.
             Slain by a two-headed ogre
             ... wielding a +0 giant club
              (10 damage)
             ... on level 7 of the Dungeon.
             The game lasted 00:03:01 (5528 turns).

qw the Cleaver (Gargoyle Fighter)                   Turns: 5528, Time: 00:03:01

Health: -4/55      AC: 23    Str: 24    XL:     9   Next: 32%
Magic:  9/9        EV:  7    Int:  9    God:
Gold:   209        SH:  4    Dex:  9    Spells: 8/8 levels left

rFire   + . .        Y - +1 war axe
rCold   . . .        c - +0 buckler
rNeg    + . .        p - +0 plate armour
rPois   inf          o - +0 helmet
rElec   +            l - +0 cloak
rCorr   .            (no gloves)
SInv    +            g - +0 pair of boots
Will    .....        (no amulet) Stlth
                     e - ring of see invisible
HPRegen 0.29/turn    s - ring of protection from fire
MPRegen 0.11/turn

%: no passive effects
@: about to teleport
A: sickness immunity, AC +6, negative energy resistance 1, electricity
resistance, torment resistance 1, petrification resistance
a: no special abilities


You were on level 7 of the Dungeon.
You visited 2 branches of the dungeon, and saw 8 of its levels.

You collected 319 gold pieces.
You spent 110 gold pieces at shops.


Innate Abilities, Weirdness & Mutations

You are immune to sickness and miasma.
Your stone body is resilient. (AC +6)
You are immune to poison.
You resist negative energy. (rN+)
You are resistant to electric shocks. (rElec)
You are resistant to unholy torment.
You are immune to petrification.


   Skills:
 + Level 6.1 Fighting
 - Level 9.0 Axes
 - Level 6.1 Armour
 - Level 1.3 Dodging
 - Level 4.1 Shields


You had 8 spell levels left.
You didn't know any spells.
Your spell library was empty.

Inventory:

Hand Weapons
 t - a +0 flail
 Y - a +1 war axe (weapon)
Armour
 c - a +0 buckler (worn)
 g - a +0 pair of boots (worn)
 l - a +0 cloak (worn)
 o - a +0 helmet (worn)
 p - a +0 plate armour (worn)
Jewellery
 e - a ring of see invisible (left hand)
 s - a ring of protection from fire (right hand)
 w - a ring of flight
Scrolls
 h - 5 scrolls of teleportation
 r - 2 scrolls of identify
Potions
 a - a potion of mutation
 b - 2 potions of flight {unknown}
 d - 6 potions of might
 f - a potion of resistance
 i - a potion of cancellation {unknown}
 j - a potion of curing {unknown}
 k - 2 potions of heal wounds
 m - a potion of degeneration {unknown}
 n - a potion of attraction {unknown}
 q - a potion of haste
 u - 2 potions of brilliance {unknown}
 v - a potion of invisibility {unknown}

Dungeon Overview and Level Annotations

Branches:
Dungeon (7/15)             Temple (1/1) D:6

Altars:
Ashenzari
Cheibriados
Dithmenos
Fedhas
Gozag
Hepliaklqana
Kikubaaqudgha
Makhleb
Nemelex Xobeh
Qazlal
Ru
Sif Muna
Trog
Uskayaw
Vehumet
Wu Jian
Yredelemnul

Shops:
D:4 [   D:5 (   D:7 *

Annotations:
D:3 1 runed translucent door, Crazy Yiuf
D:5 2 transporters, qw's ghost, novice GrFi


Message History

Enter note:
Enter note:
Enter note:
Enter note:
Enter note:
Enter note:
Enter note:
Enter note: You hit the two-headed ogre.
The two-headed ogre is lightly wounded.
You hit the two-headed ogre.
The two-headed ogre is lightly wounded.
You hit the two-headed ogre.
The two-headed ogre is lightly wounded.
You slash the two-headed ogre!
The two-headed ogre hits you but does no damage.
The two-headed ogre barely misses you.
The two-headed ogre hits you with a +0 dire flail!
The two-headed ogre hits you with a +0 giant club.
You slash the two-headed ogre!
The two-headed ogre is moderately wounded.
You hit the two-headed ogre.
The two-headed ogre completely misses you. x2
You hit the two-headed ogre.
The two-headed ogre is heavily wounded.
You barely miss the two-headed ogre. You block the two-headed ogre's attack.
The two-headed ogre hits you with a +0 giant club!
You hit the two-headed ogre.
The two-headed ogre is heavily wounded.
You closely miss the two-headed ogre.
The two-headed ogre completely misses you.
The two-headed ogre hits you but does no damage.
The two-headed ogre hits you with a +0 dire flail!
The two-headed ogre barely misses you.
5528 ||| READING 6 scrolls of teleportation.
As you read the scroll of teleportation, it crumbles to dust.
You feel strangely unstable.
The two-headed ogre hits you with a +0 giant club!
You die...

#.#(#.. ## .(...(.
... ()(8.#. ##### ..
....(. #...# . #..$9
#...# ... #...#
#O#####...#
#O@.......#
#.........#
#.........#########
#.#####............
#.#######.#########
>...<...............
#.########.#########
#...............[...
## #........#...####


You could see 2 two-headed ogres and a gargoyle.

Vanquished Creatures
  3 water moccasins
  A sky beast (D:5)
  A black bear (D:4)
  2 ice beasts
  A centaur (D:7)
  An ogre (D:6)
  2 phantoms
  A gnoll sergeant (D:7)
  3 scorpions
  4 wights
  4 hounds (D:5)
  An orc priest (D:5)
  2 jellies
  4 iguanas
  2 orc wizards (D:5)
  Robin (D:3)
  8 gnolls
  12 adders
  4 shadow imps
  4 white imps
  2 ufetubi (D:5)
  A worm (D:2)
  7 orcs
  10 endoplasms
  3 giant cockroaches
  5 hobgoblins
  8 jackals
  3 kobolds
  5 quokkas
  2 ball pythons
  6 bats
  2 frilled lizards (D:1)
  17 goblins
  3 rats
135 creatures vanquished.

Notes
Turn   | Place    | Note
-------+----------+-------------------------------------------
     0 | D:1      | qw the Gargoyle Fighter began the quest for the Orb.
     0 | D:1      | Reached XP level 1. HP: 14/14 MP: 1/1
     0 | D:1      | 0 ||| qw: Version: 0.2-a-108-gee2c290
     0 | D:1      | 0 ||| qw: Game counter: 1470
     0 | D:1      | 0 ||| qw: Always use a shield: true
     0 | D:1      | 0 ||| qw: God list: Okawaru
     0 | D:1      | 0 ||| qw: Allow faded altars: false
     0 | D:1      | 0 ||| qw: Do Orc after D:15 true
     0 | D:1      | 0 ||| qw: Do second Lair branch before Depths: true
     0 | D:1      | 0 ||| qw: Lair rune preference: random
     0 | D:1      | 0 ||| qw: Plans: Normal, Zot:1-4, Slime:5, God:TSO, Crypt,
                  | Tomb, Abyss, Pan, Hells, Win
     0 | D:1      | 0 ||| PLANNING D:1-11
    37 | D:1      | Reached skill level 2 in Axes
   143 | D:1      | Reached XP level 2. HP: 13/19 MP: 2/2
   608 | D:1      | Reached skill level 3 in Axes
   732 | D:1      | 732 ||| UPGRADING to +0 pair of boots.
   737 | D:1      | 737 ||| UPGRADING to +0 cloak.
   742 | D:1      | 742 ||| READING scroll labelled KOWNONYSOL.
   743 | D:1      | 743 ||| READING scroll labelled YDEOTTU TEEMAE.
   744 | D:1      | 744 ||| READING scroll labelled WULUTI TYAL.
   745 | D:1      | 745 ||| READING scroll labelled RUIM VETTUG.
   748 | D:1      | 748 ||| DRINKING 3 pink potions.
   804 | D:2      | Reached XP level 3. HP: 17/23 MP: 3/3
   889 | D:2      | 889 ||| Stepping ~*~*~tactically~*~*~ (stealth).
   932 | D:2      | 932 ||| Stepping ~*~*~tactically~*~*~ (stealth).
   935 | D:2      | 935 ||| Stepping ~*~*~tactically~*~*~ (hiding).
  1131 | D:2      | Found a faded altar of an unknown god.
  1142 | D:2      | Reached XP level 4. HP: 28/28 MP: 4/4
  1328 | D:2      | Reached skill level 4 in Axes
  1501 | D:2      | 1501 ||| UPGRADING to ring of see invisible.
  1502 | D:2      | 1502 ||| READING scroll labelled MAERPH QADU.
  1503 | D:2      | 1503 ||| READING scroll labelled QAEJEO DATSE.
  1504 | D:2      | 1504 ||| READING 2 scrolls labelled MUCRAT LAACOPP.
  1505 | D:2      | 1505 ||| DROPPING scroll of magic mapping.
  1618 | D:3      | Noticed Robin
  1636 | D:3      | Killed Robin
  1721 | D:3      | 1721 ||| DROPPING +0 club.
  1798 | D:3      | Found a shadowy altar of Dithmenos.
  1939 | D:3      | Reached XP level 5. HP: 32/32 MP: 5/5
  2235 | D:3      | Found a runed translucent door.
  2236 | D:3      | Noticed Crazy Yiuf
  2239 | D:3      | 2239 ||| UPGRADING to +0 helmet.
  2244 | D:3      | 2244 ||| READING scroll labelled XUUCWU CITUSTI.
  2245 | D:3      | 2245 ||| DRINKING 2 ruby potions.
  2246 | D:3      | 2246 ||| DRINKING 2 emerald potions.
  2296 | D:4      | Reached skill level 5 in Axes
  2327 | D:4      | 2327 ||| READING scroll labelled OBAFOSS GUTS.
  2349 | D:4      | Found Ital's Antique Armour Boutique.
  2350 | D:4      | 2350 ||| Stepping ~*~*~tactically~*~*~ (stealth).
  2359 | D:4      | 2359 ||| READING scroll labelled VAQIC PAGHAOTI.
  2393 | D:4      | 2393 ||| SHOPLISTING +15 Maxwell's patent armour {-Cast
                  | -Tele rElec Will+ rCorr} (2340 gold, have 167).
  2393 | D:4      | 2393 ||| BUYING dyed leather armour (110 gold).
  2393 | D:4      | Bought a dyed leather armour for 110 gold pieces
  2393 | D:4      | 2393 ||| SHOPLISTING glowing ring mail (154 gold, have 57).
  2393 | D:4      | 2393 ||| SHOPLISTING plate armour (506 gold, have 57).
  2393 | D:4      | 2393 ||| SHOPLISTING runed chain mail (165 gold, have 57).
  2470 | D:4      | 2470 ||| Stepping ~*~*~tactically~*~*~ (stealth).
  2482 | D:4      | Reached XP level 6. HP: 37/38 MP: 6/6
  2487 | D:4      | 2487 ||| DROPPING +0 mace.
  2557 | D:4      | 2557 ||| UPGRADING to +0 chain mail.
  2582 | D:4      | 2582 ||| DROPPING +0 scale mail.
  2583 | D:4      | 2583 ||| DROPPING +2 leather armour of fire resistance.
  2584 | D:4      | Noticed a black bear
  2592 | D:4      | Killed a black bear
  2640 | D:4      | 2640 ||| UPGRADING to ring of protection from fire.
  2729 | D:5      | Entered Level 5 of the Dungeon
  2819 | D:5      | Reached skill level 6 in Axes
  2931 | D:5      | Noticed a water moccasin
  2932 | D:5      | 2932 ||| Stepping ~*~*~tactically~*~*~ (stealth).
  2933 | D:5      | 2933 ||| Stepping ~*~*~tactically~*~*~ (stealth).
  2941 | D:5      | HP: 7/38 [hound (4)]
  2942 | D:5      | 2942 ||| READING 3 scrolls of teleportation.
  2942 | D:5      | HP: 1/38 [adder (3)]
  2943 | D:5      | 2943 ||| DRINKING 4 potions of heal wounds.
  2989 | D:5      | Reached XP level 7. HP: 33/43 MP: 7/7
  2989 | D:5      | 2989 ||| Stepping ~*~*~tactically~*~*~ (hiding).
  2996 | D:5      | Reached skill level 1 in Dodging
  3009 | D:5      | 3009 ||| Stepping ~*~*~tactically~*~*~ (hiding).
  3023 | D:5      | 3023 ||| Stepping ~*~*~tactically~*~*~ (stealth).
  3051 | D:5      | Reached skill level 7 in Axes
  3084 | D:5      | 3084 ||| Stepping ~*~*~tactically~*~*~ (hiding).
  3250 | D:5      | Found Humydwaliu's Weapon Shoppe.
  3277 | D:5      | 3277 ||| Stepping ~*~*~tactically~*~*~ (hiding).
  3289 | D:5      | 3289 ||| Stepping ~*~*~tactically~*~*~ (stealth).
  3293 | D:5      | Reached XP level 8. HP: 49/49 MP: 8/8
  3298 | D:5      | 3298 ||| Stepping ~*~*~tactically~*~*~ (stealth).
  3299 | D:5      | 3299 ||| Stepping ~*~*~tactically~*~*~ (stealth).
  3308 | D:5      | 3308 ||| Stepping ~*~*~tactically~*~*~ (stealth).
  3322 | D:5      | 3322 ||| Stepping ~*~*~tactically~*~*~ (stealth).
  3324 | D:5      | 3324 ||| Stepping ~*~*~tactically~*~*~ (hiding).
  3554 | D:5      | Found a transporter.
  3556 | D:5      | Noticed qw's ghost (novice GrFi)
  3662 | D:5      | Found a transporter.
  3746 | D:5      | 3746 ||| Stepping ~*~*~tactically~*~*~ (stealth).
  3781 | D:5      | Reached skill level 8 in Axes
  3819 | D:5      | 3819 ||| UPGRADING to +0 plate armour.
  3829 | D:5      | 3829 ||| DROPPING +0 chain mail.
  3830 | D:5      | 3830 ||| READING 3 scrolls labelled KOLUEPP AQOA.
  3831 | D:5      | 3831 ||| DROPPING 2 scrolls of vulnerability.
  3902 | D:6      | 3902 ||| Stepping ~*~*~tactically~*~*~ (stealth).
  3903 | D:6      | 3903 ||| Stepping ~*~*~tactically~*~*~ (stealth).
  4000 | D:6      | Reached skill level 6 in Fighting
  4408 | D:6      | 4408 ||| Stepping ~*~*~tactically~*~*~ (stealth).
  4426 | D:6      | Reached skill level 6 in Armour
  4429 | D:6      | Reached XP level 9. HP: 55/55 MP: 9/9
  4779 | D:6      | Found a staircase to the Ecumenical Temple.
  4780 | D:6      | 4780 ||| PLANNING TEMPLE
  4780 | D:6      | 4780 ||| READING 2 scrolls of identify.
  4780 | D:6      | 4780 ||| IDENTIFYING smoky blue potion
  4789 | Temple   | Entered the Ecumenical Temple
  4903 | Temple   | 4903 ||| PLANNING D:1-11
  5093 | D:7      | Found a hide-covered altar of Uskayaw.
  5102 | D:7      | Found Sutzid's General Store.
  5153 | D:7      | 5153 ||| Stepping ~*~*~tactically~*~*~ (hiding).
  5155 | D:7      | 5155 ||| Stepping ~*~*~tactically~*~*~ (hiding).
  5156 | D:7      | 5156 ||| Stepping ~*~*~tactically~*~*~ (hiding).
  5157 | D:7      | 5157 ||| Stepping ~*~*~tactically~*~*~ (hiding).
  5158 | D:7      | 5158 ||| Stepping ~*~*~tactically~*~*~ (hiding).
  5159 | D:7      | 5159 ||| Stepping ~*~*~tactically~*~*~ (hiding).
  5246 | D:7      | Reached skill level 9 in Axes
  5254 | D:7      | HP: 9/55 [gnoll sergeant/+3 trident of venom (7)]
  5255 | D:7      | 5255 ||| READING 7 scrolls of teleportation.
  5256 | D:7      | 5256 ||| DRINKING 3 potions of heal wounds.
  5435 | D:7      | 5435 ||| Stepping ~*~*~tactically~*~*~ (stealth).
  5437 | D:7      | 5437 ||| Stepping ~*~*~tactically~*~*~ (hiding).
  5519 | D:7      | Noticed a two-headed ogre
  5519 | D:7      | Found the +6 shillelagh "Devastator" {shatter}
  5519 | D:7      | Noticed a gargoyle
  5520 | D:7      | 5520 ||| Stepping ~*~*~tactically~*~*~ (hiding).
  5521 | D:7      | Noticed a two-headed ogre
  5527 | D:7      | HP: 5/55 [two-headed ogre/+0 dire flail (14)]
  5528 | D:7      | 5528 ||| READING 6 scrolls of teleportation.
  5528 | D:7      | Slain by a two-headed ogre

Levels and vault maps discovered:
D:1:      lightli_arrival_isolated_outpost, layout_loops_ring
D:2:      minmay_recursive_quarters, layout_basic, nicolae_ecumenical_oubliette
D:3:      layout_basic, nicolae_dithmenos_the_darkroom,
          kennysheep_pointless_box, chequers_jeans, uniq_robin,
          uniq_crazy_yiuf_cottage
D:4:      layout_rooms, serial_glass, glass_columns_a, glass_columns_a,
          glass_columns_b, glass_columns_b, glass_columns_b, glass_columns_a,
          glass_columns_b, glass_columns_a, serial_shops, shop
D:5:      layout_loops_ring, serial_demonic, serial_demonic_b, serial_demonic_e,
          serial_demonic_d, serial_demonic_e, gammafunk_ghost_mausoleum,
          serial_shops, nicolae_shop_behind_doors, serial_bayou_pond_b,
          minmay_fractal_squares_diagonal_5
D:6:      layout_loops_cross, minmay_temple_entry_poolview
D:7:      layout_basic, mainiacjoe_overflow_boulevard, serial_shops,
          nicolae_shop_stone, serial_glass, glass_columns_b, glass_columns_b,
          dk_noncrumbling_3, hangedman_decor_peaks_small,
          dilly_guarded_unrand_devastator
Temple:   nicolae_temple_superstar

Skill      XL: |  1  2  3  4  5  6  7  8  9 |
---------------+----------------------------+-----
Axes           | 2 3 4 5 6 7 8 9 |  9.0
Fighting       | 4 5 6 |  6.1
Dodging        | 1 |  1.3
Armour         | 6 |  6.1
Shields        | 4 |  4.1

Action                     |  1- 3 |  4- 6 |  7- 9 || total
---------------------------+-------+-------+-------++-------
  Melee: War axe           |   109 |   147 |   260 ||   516
    Use: Scroll            |     4 |     7 |     4 ||    15
         Potion            |     1 |     3 |     1 ||     5
 Armour: Scale mail        |    54 |    50 |       ||   104
         Chain mail        |       |    43 |    66 ||   109
         Plate armour      |       |       |    97 ||    97
  Dodge: Dodged            |    58 |    89 |    93 ||   240
  Block: Buckler           |    17 |    34 |    51 ||   102

Table legend:
 A = Non-vault XP
 B = Vault XP
 C = Vault XP percentage of total XP
 D = Non-vault monster count
 E = Vault monster count
 F = Vault count percentage of total count
                 A         B        C        D         E       F
            +---------+---------+-------+---------+---------+-------
      Total |    2640 |     466 |  15.0 |     104 |      31 |  23.0
            +---------+---------+-------+---------+---------+-------
        D:1 |      33 |       0 |   0.0 |      20 |       0 |   0.0
        D:2 |      50 |      23 |  31.5 |       9 |       5 |  35.7
        D:3 |      42 |      36 |  46.2 |      17 |      12 |  41.4
        D:4 |     283 |       0 |   0.0 |      18 |       0 |   0.0
        D:5 |     831 |     407 |  32.9 |      16 |      14 |  46.7
        D:6 |     859 |       0 |   0.0 |      13 |       0 |   0.0
        D:7 |     542 |       0 |   0.0 |      11 |       0 |   0.0
            +---------+---------+-------+---------+---------+-------
